Map: New Repugnancy LE

Players

Bopokippo

  • Race: Terran Terran
  • Spawn Location: 7:00

nozix - Winner!

  • Race: Zerg Zerg
  • League: Diamond
  • Spawn Location: 1:00

VOD

Have the link to the VOD?

Description

Time

  • Played on: July 31, 2019, 10:21 p.m.
  • Length: 13:38
Show
View Real Time Build Order
Export as new Build Order

Bopokippo Terran 

Build Orders: 1/1/1 

Get SALT Encoding   

  12  0:01  SCV  
  13  0:13  Supply Depot  
  13  0:20  Refinery  
  13  0:26  SCV  
  14  0:40  Barracks  
  14  0:48  Refinery  
  14  0:51  SCV  
  15  1:04  SCV  
  16  1:16  SCV  
  17  1:28  Factory  
  17  1:29  Reaper  
  18  1:34  SCV  
  19  1:45  Supply Depot  
  19  1:49  SCV  
  20  2:01  Marine  
  20  2:05  SCV  
  22  2:14  Starport  
  22  2:19  SCV  
  23  2:24  Marine  
  24  2:38  SCV  
  25  2:50  SCV  
  26  2:52  Starport Tech Lab, Fusion Core  
  26  3:42  Supply Depot  
  26  3:54  Command Center  
  31  4:03  Battlecruiser  
  35  5:07  Battlecruiser  
  12  6:32  Battlecruiser  
  18  6:43  SCV  
  18  6:45  SCV  
  20  6:55  SCV  
  20  6:57  SCV  
  22  7:07  SCV  
  23  7:09  SCV  
  24  7:19  SCV  
  24  7:21  SCV  
  26  7:31  SCV  
  26  7:33  SCV  
  28  7:47  SCV  
  29  7:59  Supply Depot  
  29  8:24  SCV  
  30  8:41  Barracks  
  30  8:55  SCV  
  31  8:57  SCV  
  32  9:09  SCV  
  33  9:16  Refinery  
  33  9:21  SCV  
  34  9:33  SCV  
  35  9:44  Supply Depot  
  35  9:45  SCV  
  36  9:48  Orbital Command  
  36  9:53  Marine  
  37  10:10  Orbital Command  
  37  10:11  Marine  
  37  10:12  Factory Tech Lab  
  38  10:20  SCV  
  39  10:32  SCV  
  40  10:37  Armory  
  40  10:46  Armory  
  40  10:49  SCV  
  41  10:52  Factory  
  41  10:57  SCV  
  41  11:01  SCV  
  41  11:15  Factory  
  41  11:24  Terran Vehicle Weapons Level 1  
  41  11:26  SCV  
  42  11:34  SCV  
  42  11:36  Terran Vehicle And Ship Armor Level 1  
  42  11:37  Factory Tech Lab  
  42  11:38  SCV  
  42  11:39  Factory  
  44  12:00  SCV  
  45  12:08  Factory Tech Lab  
  45  12:11  Supply Depot  
  45  12:12  SCV, Refinery  
  45  12:13  Refinery, SCV  
  47  12:22  Supply Depot  
  47  12:24  SCV  
  47  12:25  Supply Depot, SCV  
  47  12:27  Supply Depot  
  49  12:37  Factory Tech Lab, SCV  
  49  12:40  SCV  
  51  12:49  SCV  
Show
View Real Time Build Order
Export as new Build Order

nozix Zerg - Winner!

Build Orders: Hatch First, Zergling Baneling 

Get SALT Encoding   

  12  0:02  Drone  
  13  0:10  Drone  
  14  0:17  Overlord  
  14  0:37  Drone x3  
  17  0:48  Drone  
  18  0:58  Hatchery  
  18  1:03  Drone  
  18  1:05  Extractor  
  17  1:17  Spawning Pool  
  16  1:19  Drone  
  17  1:28  Drone  
  18  1:36  Drone  
  19  1:42  Drone  
  20  1:53  Overlord  
  20  2:05  Queen  
  22  2:12  Metabolic Boost  
  22  2:19  Drone x2  
  24  2:23  Drone  
  24  2:24  Drone  
  26  2:32  Spine Crawler  
  24  2:45  Spine Crawler, Zergling x6  
  24  2:49  Drone x2  
  28  2:51  Pneumatized Carapace  
  27  3:03  Zergling x2  
  28  3:09  Drone x3  
  30  3:17  Baneling Nest  
  29  3:21  Drone x2  
  31  3:34  Zergling x4  
  31  3:40  Zergling x4  
  34  3:47  Zergling x2  
  35  3:48  Overlord  
  35  3:57  Overlord x2  
  35  4:07  Drone x2  
  37  4:11  Zergling x4  
  39  4:23  Baneling  
  39  4:24  Baneling x7  
  39  4:26  Zergling x4  
  39  4:30  Zergling x4  
  43  4:44  Zergling x4  
  45  4:59  Zergling x2  
  43  5:00  Zergling x2  
  44  5:10  Drone x4  
  44  5:19  Zergling x2  
  44  5:20  Zergling x2  
  44  5:23  Drone x2  
  44  5:25  Spore Crawler  
  44  5:26  Spore Crawler  
  44  5:27  Queen x2  
  44  5:28  Spore Crawler  
  47  5:29  Spore Crawler  
  47  5:31  Spore Crawler  
  47  5:32  Spore Crawler  
  47  5:33  Spore Crawler  
  47  5:35  Spore Crawler x2  
  41  5:37  Spore Crawler  
  41  5:40  Spore Crawler  
  35  5:45  Spore Crawler  
  35  5:46  Drone x2  
  35  5:52  Spore Crawler  
  35  5:54  Spore Crawler  
  35  5:56  Spore Crawler, Drone  
  31  6:07  Drone x2  
  33  6:12  Drone x2  
  33  6:19  Drone x2  
  33  6:41  Lair  
  33  6:42  Drone x4  
  33  6:43  Extractor  
  36  7:07  Drone x6  
  36  7:08  Drone  
  43  7:18  Zergling x2  
  42  7:29  Overlord x2  
  42  7:30  Drone  
  43  7:39  Drone  
  44  7:44  Extractor  
  44  7:45  Extractor  
  42  8:02  Spire  
  41  8:07  Hydralisk Den  
  40  8:17  Zergling x2  
  40  8:18  Zergling x14  
  40  8:19  Zergling x8  
  46  8:51  Drone x3, Overlord x2  
  48  8:56  Drone  
  48  8:57  Spore Crawler, Drone  
  48  9:02  Hydralisk  
  49  9:04  Hatchery  
  48  9:14  Corruptor x4  
  56  9:41  Corruptor  
  58  9:52  Drone x2  
  60  9:57  Overlord x3  
  60  9:59  Overlord  
  60  10:13  Hatchery  
  59  10:15  Queen x2  
  59  10:20  Corruptor x3  
  69  10:23  Drone x3  
  72  10:31  Grooved Spines, Hydralisk  
  74  10:40  Hydralisk  
  76  10:49  Corruptor  
  76  10:51  Drone x3  
  81  11:11  Overlord x2  
  79  11:21  Overlord x2  
  79  11:25  Overlord  
  79  11:39  Hydralisk x4  
  81  11:40  Hydralisk x6  
  99  12:00  Evolution Chamber, Drone x2  
  100  12:01  Evolution Chamber  
  99  12:21  Baneling x2  
  99  12:22  Baneling x10  
  99  12:26  Zergling x2  
  99  12:27  Zergling x16  
  99  12:28  Zergling x6  
  111  12:40  Infestation Pit  
  104  13:02  Zergling x12  
  104  13:03  Hydralisk  
  104  13:04  Hydralisk x4  
Tags
 
Add a new tag
Caveats
  • Supply blocks, unpowered buildings, or Contaminate may cause inaccurate times.
  • Supply counts are checked every 10 seconds.